 Dungeon Crawl Stone Soup version 0.28-b1-25-g9875b3fc8c (webtiles) character file.

Game seed: 928836376048552210

413 tilp the Chopper (level 6, -1/53 HPs)
             Began as a Minotaur Berserker on Feb 5, 2022.
             Was a Priest of Trog.
             Slain by an iguana (15 damage)
             ... on level 5 of the Dungeon.
             The game lasted 00:04:13 (3520 turns).

tilp the Chopper (Minotaur Berserker)               Turns: 3520, Time: 00:04:14

Health: -1/53      AC:  9    Str: 24    XL:     6   Next: 59%
Magic:  5/5        EV:  9    Int:  4    God:    Trog [***...]
Gold:   172        SH:  0    Dex:  9    Spells: 5/5 levels left

rFire   . . .      SeeInvis .   a - +1 hand axe (spect)
rCold   . . .      Faith    .   n - orb {mayhem}
rNeg    . . .      Spirit   .   f - +0 chain mail
rPois   .          Reflect  .   (helmet restricted)
rElec   .          Harm     .   (no cloak)
rCorr   .          Rampage  .   (no gloves)
Will    .....                   (no boots)
Stlth   ..........              (no amulet)
HPRegen 0.17/turn               (no ring)
MPRegen 0.09/turn               (no ring)

@: no status effects
A: horns 2, retaliatory headbutt
a: Renounce Religion, Berserk, Trog's Hand


You were on level 5 of the Dungeon.
You worshipped Trog.
Trog was most pleased with you.
You visited 1 branch of the dungeon, and saw 5 of its levels.

You collected 172 gold pieces.

Inventory:

Hand Weapons
 a - a +1 spectral hand axe (weapon)
Missiles
 b - 10 boomerangs
 e - 5 poisoned darts (quivered)
Armour
 c - a +1 ring mail
 f - a +0 chain mail (worn)
 n - an orb of mayhem (worn)
Wands
 d - a wand of acid (8)
 k - a wand of paralysis (7)
Scrolls
 g - a scroll of magic mapping
 i - 2 scrolls of enchant armour
 j - a scroll of teleportation
 o - a scroll of identify
Potions
 h - a potion of heal wounds
 l - a potion of mutation


   Skills:
 + Level 4.7 Fighting
 * Level 7.1 Axes
 + Level 3.5 Armour
 + Level 3.1 Dodging
 + Level 1.7 Stealth


You had 5 spell levels left.
You didn't know any spells.
Your spell library was empty.

Dungeon Overview and Level Annotations

Branches:
Dungeon (5/15)
 Temple: D:4-7

Altars:
Ashenzari
Kikubaaqudgha

Annotations:
D:3 dig vault
D:4 3 runed translucent doors, Jazqba's ghost, amateur HOIE


Innate Abilities, Weirdness & Mutations

You have a pair of horns on your head.
You reflexively headbutt those who attack you in melee.


Message History

A centaur is nearby!
Found a stone staircase leading up.
The centaur wields a +0 shortbow.
The centaur shoots an arrow.
The arrow barely misses you.
The centaur shoots an arrow.
The arrow hits you!
The centaur shoots an arrow.
The arrow hits you!
The centaur unwields a +0 shortbow.
The centaur closely misses you.
The centaur kicks you but does no damage.
The centaur hits you but does no damage.
The centaur completely misses you.
You hit the centaur but do no damage.
Your +1 spectral hand axe hits the centaur!
The centaur closely misses your +1 spectral hand axe.
The centaur kicks your +1 spectral hand axe but does no damage.
You hit the centaur.
The centaur is almost dead.
Your +1 spectral hand axe barely misses the centaur.
The centaur hits you but does no damage.
The centaur closely misses you.
You barely miss the centaur.
The centaur is almost dead.
Your +1 spectral hand axe hits the centaur!
You kill the centaur!
Trog accepts your kill.
The iguana flies into a frenzy!
Your Axes skill increases to level 7!
You barely miss the iguana.
Your +1 spectral hand axe hits the iguana but does no damage.
The iguana bites you! x2
* * * LOW HITPOINT WARNING * * *
You are too injured to fight recklessly!
You are too injured to fight recklessly!
Unknown command.
You slash the iguana! You headbutt the iguana.
The iguana is heavily wounded.
Your +1 spectral hand axe hits the iguana.
The iguana bites your +1 spectral hand axe.
Your spectral weapon shares its damage with you!
* * * LOW HITPOINT WARNING * * *
The iguana bites you!
You die...

..<.........#
.........>.# ..
....###...## ## ##..
....# ###..# .##..#
##..# ##.# .#..# ##.#
###.######...#
...###......##...##
......(...........##
......##.....l@)...#
..#.. ##....(#ยง...#
.....<......####.....
..#..#.....#.# #.##
.. ........... ..
........#... .
........##..#
....##..# ...


You could see a neutral iguana (fast, strong, insane, ally target) and a
friendly +1 spectral hand axe (summoned).

Vanquished Creatures
  A centaur (D:5)
  A howler monkey (D:4)
  A centaur skeleton (D:4)
  2 iguanas (D:4)
  Ijyb (D:3)
  A hound skeleton (D:4)
  Robin (D:3)
  4 adders
  4 worms
  A dart slug (D:4)
  10 orcs
  5 endoplasms
  5 giant cockroaches
  14 goblins
  11 hobgoblins
  12 jackals
  5 quokkas
  7 ball pythons
  6 bats
  3 frilled lizards
  7 kobolds
  3 rats (D:1)
105 creatures vanquished.

Notes
Turn   | Place    | Note
-------+----------+-------------------------------------------
     0 | D:1      | tilp the Minotaur Berserker began the quest for the Orb.
     0 | D:1      | Reached XP level 1. HP: 19/19 MP: 0/0
    98 | D:1      | Reached skill level 4 in Axes
    98 | D:1      | Reached XP level 2. HP: 22/27 MP: 1/1
   415 | D:1      | Reached ** piety under Trog
   475 | D:1      | Reached XP level 3. HP: 23/33 MP: 2/2
   492 | D:1      | Reached skill level 5 in Axes
  1343 | D:2      | Reached XP level 4. HP: 34/40 MP: 3/3
  1393 | D:2      | Found a faded altar of an unknown god.
  1717 | D:3      | Reached *** piety under Trog
  1718 | D:3      | Reached skill level 6 in Axes
  2030 | D:3      | Noticed Ijyb
  2030 | D:3      | Paralysed by Ijyb for 3 turns
  2042 | D:3      | Paralysed by Ijyb for 3 turns
  2050 | D:3      | Killed Ijyb
  2167 | D:3      | Noticed Robin
  2171 | D:3      | Reached XP level 5. HP: 36/46 MP: 4/4
  2177 | D:3      | Killed Robin
  2401 | D:4      | Reached skill level 1 in Stealth
  2471 | D:4      | Reached XP level 6. HP: 34/53 MP: 5/5
  2797 | D:4      | Found a runed translucent gate.
  2798 | D:4      | Found a runed translucent gate.
  2799 | D:4      | Found a runed translucent gate.
  2799 | D:4      | Noticed Jazqba's ghost (amateur HOIE)
  3164 | D:4      | Found a broken altar of Ashenzari.
  3260 | D:4      | Found an ancient bone altar of Kikubaaqudgha.
  3488 | D:5      | Entered Level 5 of the Dungeon
  3517 | D:5      | Reached skill level 7 in Axes
  3520 | D:5      | Slain by an iguana

Illustrated notes

Levels and vault maps discovered:
D:1:      evilmike_arrival_crescent, layout_loops_ring,
          chequers_serial_rivers_small_a
D:2:      layout_rooms, serial_glass, glass_columns_c, glass_columns_a,
          feat_on_display, minmay_strange_pillars,
          shapermc_ecumenical_altar_acropolis
D:3:      layout_rooms, serial_curves, eino_curves_04, eino_curves_03,
          due_unseen_surprise, uniq_ijyb, uniq_robin
D:4:      layout_loops_ring, nicolae_ashenzari_skybound,
          kiku_gazebo_garden_becter, minmay_temple_entry_from_below_b,
          ebering_ghost_rock_garden, minmay_liquid_box
D:5:      layout_layer_cave, uniq_pikel

Skill      XL: |  1  2  3  4  5  6 |
---------------+-------------------+-----
Fighting       | 4 |  4.7
Axes           | 4 5 6 7 |  7.1
Armour         | 3 |  3.5
Stealth        | 1 |  1.7
Dodging        | 3 |  3.1

Action                   |  1- 3 |  4- 6 || total
-------------------------+-------+-------++-------
Melee: Hand axe          |    99 |   101 ||   200
       Headbutt          |    10 |    21 ||    31
       Punch             |       |     1 ||     1
Invok: Berserk           |       |     1 ||     1
  Use: Scroll            |     5 |     5 ||    10
Armor: Ring mail         |    29 |       ||    29
       Chain mail        |    10 |    38 ||    48
Dodge: Dodged            |    57 |    41 ||    98
